[Event "*** Titled Tuesday Blitz"]
[Site "Chess.com"]
[Date "2019.01.01"]
[Round "8"]
[White "MateSchmate"]
[Black "JMatias"]
[Result "0-1"]
[WhiteElo "2470"]
[BlackElo "2372"]
[TimeControl "180+2"]
[EndTime "14:53:14 PST"]
[Termination "JMatias won by checkmate"]

1. e4 e6 2. d4 d5 3. Bd3 dxe4 4. Bxe4 Nf6 5. Bf3 c5 6. Ne2 Nc6 7. Be3 cxd4 8. Nxd4 Ne5 9. Be2 Be7 10. O-O Nd5 11. Bd2 O-O 12. c4 Nb6 13. Ba5 Bf6 14. Na3 Nexc4 15. Nxc4 Qxd4 16. Qb3 Nxc4 17. Bxc4 b6 18.
Bc3 Qh4 19. Bb4 Rd8 20. g3 Qg4 21. Rfe1 Bb7 22. Bf1 Rd4 23. Bc3 Qf3 24. Bxd4 Qh1# 0-1

[Event "*** Titled Tuesday Blitz"]
[Site "Chess.com"]
[Date "2019.01.01"]
[Round "8"]
[White "Maili15"]
[Black "aRk_iN"]
[Result "1-0"]
[WhiteElo "2299"]
[BlackElo "2070"]
[TimeControl "180+2"]
[EndTime "14:53:22 PST"]
[Termination "Maili15 won by resignation"]

1. d4 d5 2. c4 c6 3. Nf3 Nf6 4. Nc3 dxc4 5. a4 Bf5 6. Ne5 Nbd7 7. Nxc4 Nb6 8. Ne5 a5 9. g3 e6 10. Bg2 Bb4 11. O-O O-O 12. e3 h6 13. Qe2 Nbd7 14.
Nd3 Be7 15. e4 Bh7 16. Bf4 Re8 17. Rfd1 Bf8 18. Rac1 Qb6 19. Be3 Qa6 20. Kh1 Rac8 21. f4 b5 22. axb5 cxb5 23. e5 Nd5 24. Nxd5 exd5 25.
Bxd5 Rxc1 26. Rxc1 b4 27. Bc4 Be4+ 28. Kg1 Qb7 29. Nc5 Nxc5 30. dxc5 Rc8 31. b3 Kh8 32. Ba6 1-0

[Event "*** Titled Tuesday Blitz"]
[Site "Chess.com"]
[Date "2019.01.01"]
[Round "8"]
[White "JozefKneht"]
[Black "NemtsevIgor"]
[Result "1-0"]
[WhiteElo "2522"]
[BlackElo "2306"]
[TimeControl "180+2"]
[EndTime "14:53:23 PST"]
[Termination "JozefKneht won by resignation"]

1. e4 c6 2. d4 d5 3. Nc3 h6 4. Nf3 Nf6 5. Bd3 dxe4 6. Nxe4 Nxe4 7. Bxe4 Bf5 8. Bxf5 Qa5+ 9. Bd2 Qxf5 10. O-O e6 11. Re1 Nd7 12. c4 Bd6 13. Qb3 O-O-O 14. a4 g5 15. Bc3 g4 16. Ne5 Nxe5 17. dxe5 Bc5 18. Rf1 Rd3 19. a5 a6 20. Qc2 Rhd8 21. b4 Bd4 22.
Bxd4 R8xd4 23. b5 Rd2 24. Qa4 cxb5 25. Qb4 Qxe5 26. Rac1 Kb8 27. Qf8+ Ka7 28. cxb5 Qxb5 29. Qxf7 e5 30. Qc7 Rf4 31. Rb1 Rfxf2 32. Qb6+ Kb8 33. Rxf2 1-0

[Event "*** Titled Tuesday Blitz"]
[Site "Chess.com"]
[Date "2019.01.01"]
[Round "8"]
[White "kacprekt"]
[Black "Justinz"]
[Result "0-1"]
[WhiteElo "2358"]
[BlackElo "2371"]
[TimeControl "180+2"]
[EndTime "14:53:34 PST"]
[Termination "Justinz won by resignation"]

1. d4 Nf6 2. c4 e6 3. Nc3 Bb4 4. f3 d5 5. a3 Be7 6. e4 dxe4 7. fxe4 e5 8. d5 Bc5 9. Nf3 Bg4 10. h3 Bxf3 11. Qxf3 O-O 12. Bd3 Nbd7 13. Bd2 a5 14.
g4 Ne8 15. O-O-O Nd6 16. Kb1 c6 17. Rc1 Rb8 18. h4 Bd4 19. Ne2 Bc5 20. g5 Qb6 21.
Ka1 Bd4 22. Nxd4 exd4 23. Qg3 Nc5 24. Qxd6 Nxd3 25. Rc2 Qb3 26. Kb1 cxd5 27. exd5 Rbc8 28. c5 Rxc5 29. Rhc1 Rxd5 30. Qxf8+ Kxf8 31. Rc8+ Ke7 32. R1c7+ Kd6 33. Rc2 Rf5 0-1

[Event "*** Titled Tuesday Blitz"]
[Site "Chess.com"]
[Date "2019.01.01"]
[Round "8"]
[White "Torrentec"]
[Black "Qingdom"]
[Result "0-1"]
[WhiteElo "2297"]
[BlackElo "2140"]
[TimeControl "180+2"]
[EndTime "14:53:46 PST"]
[Termination "Qingdom won on time"]

1. d4 Nf6 2. Nf3 c5 3. Nbd2 cxd4 4. Nxd4 d5 5. N4f3 Nc6 6. e3 e5 7. Bb5 Bd6 8. O-O O-O 9. c4 a6 10. cxd5 Nxd5 11. Bxc6 bxc6 12. Nc4 Bg4 13. h3 Bxf3 14. Qxf3 Bc7 15. Rd1 Qe7 16. Bd2 e4 17. Qe2 f5 18.
a3 Rf6 19. Rac1 Rg6 20. Qf1 Qh4 21. Kh1 Rf8 22. Bc3 f4 23. exf4 Bxf4 24. Rc2 e3 25. Be5 Bxe5 26. Nxe5 Rxf2 0-1

[Event "*** Titled Tuesday Blitz"]
[Site "Chess.com"]
[Date "2019.01.01"]
[Round "8"]
[White "Triumphmate"]
[Black "tgpgoat"]
[Result "1-0"]
[WhiteElo "2219"]
[BlackElo "1983"]
[TimeControl "180+2"]
[EndTime "14:53:51 PST"]
[Termination "Triumphmate won by resignation"]

1. e4 e5 2. Nf3 Nc6 3. Nc3 Nf6 4. Bb5 Be7 5. O-O d6 6. d4 exd4 7. Nxd4 Bd7 8. f4 Nxd4 9. Qxd4 Bxb5 10. Nxb5 a6 11.
Nc3 O-O 12. Be3 Nd7 13. Rae1 Bf6 14. Qd3 Re8 15. Nd5 Bxb2 16. c3 Ba3 17. Bd4 Bc5 18.
Qg3 Bxd4+ 19. cxd4 Nf6 20. Nc3 Qd7 21. e5 dxe5 22. dxe5 Qd4+ 23. Kh1 Nd5 24. Nxd5 Qxd5 25. f5 Qxa2 26. f6 g6 27. Qg5 Qa3 28. Re3 Qf8 29.
e6 h6 30. Qg4 h5 31. Qg5 Kh7 32. e7 Qh6 33. Qd5 Kg8 34. Rg3 c6 35. Qb3 a5 36.
Qxb7 a4 37. Qxc6 a3 38. Rxa3 Rac8 39. Qd5 Rc1 40. Rf3 Rxf1+ 41. Rxf1 Qe3 42. Qd7 Rb8 43. Qd8+ Rxd8 44. exd8=Q+ Kh7 45. Qf8 1-0

[Event "*** Titled Tuesday Blitz"]
[Site "Chess.com"]
[Date "2019.01.01"]
[Round "8"]
[White "mersad_98"]
[Black "LawrenceTrent"]
[Result "1-0"]
[WhiteElo "2642"]
[BlackElo "2533"]
[TimeControl "180+2"]
[EndTime "14:54:13 PST"]
[Termination "mersad_98 won by resignation"]

1. e4 g6 2. d4 Bg7 3. Nc3 a6 4. Nf3 b5 5. a4 b4 6. Nd5 Bb7 7. Bd3 Nf6 8. Nxf6+ exf6 9. a5 O-O 10. Bd2 Re8 11.
O-O Bxe4 12. Bxe4 Rxe4 13. Bxb4 f5 14. Bc3 d6 15. Qd3 Nd7 16. Rfe1 d5 17. Nd2 Re7 18. Bb4 Rxe1+ 19. Rxe1 Bf6 20. c3 Qb8 21. Qg3 Qb7 22. Nb3 Qc6 23. h3 Rb8 24. Qf4 Kg7 25. g3 h6 26. h4 h5 27. Kg2 Qa4 28. Qxc7 Qxb3 29. Qxd7 Qc4 30. Be7 Rxb2 31. Bxf6+ Kxf6 32. Re7 1-0

[Event "*** Titled Tuesday Blitz"]
[Site "Chess.com"]
[Date "2019.01.01"]
[Round "8"]
[White "ramses135"]
[Black "jk13"]
[Result "1-0"]
[WhiteElo "2501"]
[BlackElo "2687"]
[TimeControl "180+2"]
[EndTime "14:54:15 PST"]
[Termination "ramses135 won by checkmate"]

1. e4 e5 2. Nf3 Nc6 3. Bb5 a6 4. Bxc6 dxc6 5. O-O f6 6. d4 Bg4 7. c3 Qe7 8. Be3 O-O-O 9. Nbd2 Qe8 10. b4 Bd6 11. a4 exd4 12. Bxd4 Bxb4 13. Rb1 Ba5 14. Nc4 Qh5 15. Qb3 Bxf3 16. Qxb7+ Kd7 17. Nxa5 Bxe4 18. Bb6 Ke8 19. Qxc7 Rd3 20. Rfe1 Ne7 21. Rxe4 Rd1+ 22. Re1 Rxb1 23. Qxe7# 1-0

[Event "*** Titled Tuesday Blitz"]
[Site "Chess.com"]
[Date "2019.01.01"]
[Round "8"]
[White "Winehouse83"]
[Black "tomozupan"]
[Result "1-0"]
[WhiteElo "2404"]
[BlackElo "2184"]
[TimeControl "180+2"]
[EndTime "14:54:19 PST"]
[Termination "Winehouse83 won by resignation"]

1. d4 Nf6 2. c4 g6 3. Nc3 d5 4.
cxd5 Nxd5 5. e4 Nxc3 6. bxc3 Bg7 7. Be3 c5 8. Bc4 Nc6 9. Ne2 cxd4 10. cxd4 O-O 11. O-O Bg4 12. f3 Bd7 13. Rb1 Na5 14. Bd3 a6 15. Qd2 b5 16. d5 Rc8 17. Rfc1 Nc4 18.
Bxc4 Rxc4 19. Rxc4 bxc4 20. Bd4 Bxd4+ 21. Qxd4 Qc7 22.
Rb4 Rc8 23. Nc3 h5 24. e5 Kf8 25. d6 Qc5 26. Qxc5 Rxc5 27. Rb8+ Kg7 28. Rb7 exd6 29. exd6 Bc6 30. Rc7 Kf6 31. Ne4+ Bxe4 32. Rxc5 Bd3 33. Rd5 c3 34. Rxd3 1-0

[Event "*** Titled Tuesday Blitz"]
[Site "Chess.com"]
[Date "2019.01.01"]
[Round "8"]
[White "maziarbagheri"]
[Black "swisspower96"]
[Result "0-1"]
[WhiteElo "2366"]
[BlackElo "2536"]
[TimeControl "180+2"]
[EndTime "14:54:25 PST"]
[Termination "swisspower96 won by resignation"]

1. d4 f5 2. g4 fxg4 3. e4 d5 4. e5 Bf5 5. Be2 Qd7 6. Nc3 Nc6 7. Be3 h5 8. Qd2 g6 9. O-O-O Nb4 10. Bd3 Nxd3+ 11.
cxd3 e6 12. Nge2 Bh6 13. Kb1 O-O-O 14. Nc1 Kb8 15. Nb3 b6 16. Rc1 Bxe3 17. fxe3 g5 18. e4 dxe4 19. dxe4 Bh7 20. Qxg5 Ne7 21. Rhd1 Nd5 22.
Nd2 Rdg8 23. Qh4 Ne3 24. Nb3 Nxd1 25. Rxd1 Rf8 26. Ka1 Rf4 27. d5 Rhf8 28. d6 Bxe4 29. Qe7 Bc6 30. a4 Qxe7 31. dxe7 Re8 32. Rd8+ Kb7 33.
Rxe8 Bxe8 34. a5 Rf7 35. Nd4 Rxe7 36. b4 Bd7 37. b5 Rf7 38. a6+ Kc8 39. Ne4 Rf4 0-1

[Event "*** Titled Tuesday Blitz"]
[Site "Chess.com"]
[Date "2019.01.01"]
[Round "8"]
[White "evgenyermolaev"]
[Black "MissingLife"]
[Result "1-0"]
[WhiteElo "2489"]
[BlackElo "2413"]
[TimeControl "180+2"]
[EndTime "14:54:27 PST"]
[Termination "evgenyermolaev won by resignation"]

1. e4 e6 2. d4 d5 3. Nc3 Bb4 4. Bd2 Ne7 5. a3 Ba5 6. b4 Bb6 7. Nf3 Nbc6 8. Bb5 O-O 9. Bxc6 Nxc6 10. Be3 dxe4 11. Nxe4 e5 12. d5 Bxe3 13. dxc6 Bb6 14. O-O bxc6 15. Qe2 Qe7 16. Rad1 a5 17. c4 axb4 18.
axb4 Ba6 19. Qc2 Qxb4 20. Nxe5 f6 21. Nxc6 Qxc4 22. Qxc4+ Bxc4 23. Rfe1 Ra2 24. Nb4 Ra4 25. Nd5 Bxd5 26. Rxd5 Re8 27. Nxf6+ Kf7 28. Nxe8 Rf4 29.
Re2 Rc4 30. g3 Rc1+ 31. Kg2 Rc6 32. Rd7+ 1-0

[Event "*** Titled Tuesday Blitz"]
[Site "Chess.com"]
[Date "2019.01.01"]
[Round "8"]
[White "ChessMavenYeti"]
[Black "Hieronymus00"]
[Result "1-0"]
[WhiteElo "2096"]
[BlackElo "2116"]
[TimeControl "180+2"]
[EndTime "14:54:28 PST"]
[Termination "ChessMavenYeti won by resignation"]

1. d4 Nf6 2. c4 g6 3. Nc3 Bg7 4. e4 d6 5. Be2 O-O 6. Be3 e5 7. d5 Ne8 8. g4 f5 9. gxf5 gxf5 10. exf5 Bxf5 11. Bg4 Qf6 12. Bxf5 Qxf5 13. Nge2 Nf6 14. Qd2 Nbd7 15. O-O-O Ne4 16. Nxe4 Qxe4 17. Rhg1 Qxc4+ 18. Kb1 Rf7 19. Ng3 Kh8 20. Rc1 Qb5 21. Rxc7 Raf8 22.
Nh5 Bf6 23. Bh6 Rg8 24. Rxg8+ Kxg8 25. Nxf6+ Rxf6 26. Qg5+ Rg6 27. Rc8+ Kf7 28. Qf5+ Rf6 29. Qh5+ Rg6 30. Rc7 Qd3+ 31. Ka1 Qf1+ 32. Rc1 Qd3 33. Be3 Qxd5 34. Qxh7+ Rg7 35. Qf5+ Ke7 36. Bg5+ 1-0

[Event "*** Titled Tuesday Blitz"]
[Site "Chess.com"]
[Date "2019.01.01"]
[Round "8"]
[White "Mr_Penings"]
[Black "Andrew-FB00"]
[Result "1/2-1/2"]
[WhiteElo "2481"]
[BlackElo "1813"]
[TimeControl "180+2"]
[EndTime "14:54:28 PST"]
[Termination "Game drawn by repetition"]

1. c4 Nf6 2. e3 e6 3. a3 d5 4. Nc3 Be7 5. Nf3 O-O 6. Qc2 c5 7. d4 cxd4 8. exd4 Nc6 9. c5 b6 10. b4 bxc5 11. dxc5 d4 12. Ne4 Nxe4 13. Qxe4 Bb7 14.
Bd3 g6 15. h4 Bf6 16. Qg4 Ne5 17. Nxe5 Bxe5 18. h5 Qf6 19. hxg6 fxg6 20. f4 Bxf4 21.
Rxh7 Kxh7 22. Bxf4 e5 23. Qh5+ Kg8 24. Bc4+ Rf7 25.
Bxf7+ Kxf7 26. Qh7+ Ke6 27. Qxb7 Qxf4 28. Qxa8 Qe3+ 29.
Kf1 Qd3+ 30. Kg1 Qe3+ 31. Kf1 Qd3+ 32. Ke1 Qc3+ 33. Ke2 Qe3+ 34. Kf1 Qd3+ 1/2-1/2

[Event "*** Titled Tuesday Blitz"]
[Site "Chess.com"]
[Date "2019.01.01"]
[Round "8"]
[White "Zhuu96"]
[Black "Indianlad"]
[Result "0-1"]
[WhiteElo "2866"]
[BlackElo "2861"]
[TimeControl "180+2"]
[EndTime "14:54:29 PST"]
[Termination "Indianlad won by resignation"]

1. c4 e6 2. Nf3 d5 3. d4 Nf6 4.
Nc3 a6 5. cxd5 exd5 6. g3 Be7 7.
Bg2 O-O 8. O-O c6 9. Qd3 Re8 10. Bf4 Nbd7 11. Ne5 Nf8 12. f3 Ng6 13. Nxg6 hxg6 14.
e4 dxe4 15. fxe4 c5 16. d5 Bd6 17. Rae1 Be5 18. Bxe5 Rxe5 19. a4 Bd7 20. Kh1 Qb6 21.
Re2 Rae8 22. Ref2 Qb4 23. Qc2 b5 24. axb5 axb5 25. Qd2 c4 26. d6 R8e6 27. Rd1 Qc5 28. Qf4 g5 29. Qf3 Rxd6 30. Rxd6 Qxd6 31. h3 Bc6 32.
Nd5 Bxd5 33. exd5 Rxd5 34. Qe3 Qe5 35. Qc1 Rd3 36. g4 Ne4 37. Rf3 Ng3+ 0-1

[Event "*** Titled Tuesday Blitz"]
[Site "Chess.com"]
[Date "2019.01.01"]
[Round "8"]
[White "PenguinPacks"]
[Black "tteshan"]
[Result "0-1"]
[WhiteElo "2219"]
[BlackElo "2161"]
[TimeControl "180+2"]
[EndTime "14:54:30 PST"]
[Termination "tteshan won by resignation"]

1. Nf3 c5 2. g3 g6 3. Bg2 Bg7 4. O-O Nc6 5. c3 Nf6 6. d4 cxd4 7. cxd4 O-O 8. d5 Nb8 9. Nc3 d6 10. e4 Nbd7 11. h3 Nc5 12. Nd2 Bd7 13. a4 Qc8 14. Qe2 Bxh3 15. Nc4 Bxg2 16. Kxg2 Nfd7 17. Ra3 Ne5 18.
Ne3 h5 19. Bd2 Ng4 20. f3 Nxe3+ 21. Bxe3 b6 22. Rc1 Qd7 23. Nb5 a6 24. Nd4 Nxa4 25. Nc6 b5 26. Rh1 Nxb2 27. Rb3 Nc4 28. Bc1 Qc7 29. g4 hxg4 30. fxg4 Na5 31. Rbh3 Nxc6 32. Qd2 Ne5 33. Rh8+ Bxh8 34. Qh6 Qc2+ 35. Bd2 Qxe4+ 36.
Kf1 Qf3+ 37. Kg1 Qxg4+ 38. Kf1 Qd1+ 39. Kf2 Qf3+ 40. Kg1 Qg3+ 41. Kf1 Qd3+ 42. Kg2 Qe2+ 43. Kg3 Qf3+ 44. Kh2 Qh5+ 45. Qxh5 gxh5 46. Rg1+ Ng4+ 0-1

[Event "*** Titled Tuesday Blitz"]
[Site "Chess.com"]
[Date "2019.01.01"]
[Round "8"]
[White "Alexey_Potapov"]
[Black "Caminator2000"]
[Result "1-0"]
[WhiteElo "2466"]
[BlackElo "2395"]
[TimeControl "180+2"]
[EndTime "14:54:31 PST"]
[Termination "Alexey_Potapov won by resignation"]

1. c4 e5 2. Nc3 Nc6 3. g3 Nf6 4.
Bg2 g6 5. d3 Bg7 6. Bg5 d6 7.
e3 O-O 8. Nge2 h6 9. Bxf6 Qxf6 10. Nd5 Qd8 11. Rb1 Nb8 12. b4 c6 13. Ndc3 Be6 14.
Qb3 Nd7 15. O-O f5 16. b5 Nc5 17. Qc2 e4 18. dxe4 Bxc4 19. Rfd1 fxe4 20. Nxe4 Nxe4 21. Bxe4 Bxb5 22. Nf4 Qf6 23. Bxg6 Ba6 24. Bh7+ Kf7 25. Qb3+ d5 26. Nxd5 cxd5 27. Qxd5+ Qe6 28. Qh5+ Ke7 29. Qc5+ Kf7 30. Qc7+ Kf6 31. Rd6 1-0

[Event "*** Titled Tuesday Blitz"]
[Site "Chess.com"]
[Date "2019.01.01"]
[Round "8"]
[White "Matibar"]
[Black "essequamvideris"]
[Result "1/2-1/2"]
[WhiteElo "2802"]
[BlackElo "2431"]
[TimeControl "180+2"]
[EndTime "14:54:32 PST"]
[Termination "Game drawn by agreement"]

1. e4 g6 2. d4 Bg7 3. Nf3 d6 4. Nc3 Nf6 5. Be3 O-O 6. Qd2 c5 7. dxc5 dxc5 8. Qxd8 Rxd8 9. Bxc5 Nc6 10. Bd3 Nd7 11. Be3 Bxc3+ 12. bxc3 Nde5 13. Nxe5 Nxe5 14. Ke2 Be6 15. Rhb1 b6 16. Bd4 Nc6 17. Ke3 f6 18.
f4 Bf7 19. e5 fxe5 20. fxe5 Rac8 21. Rb5 Na5 22. a4 Bc4 23. Rb4 Bd5 24. Rg1 Kf7 25. g4 Ke6 26. Rf1 Nc4+ 27. Bxc4 Rxc4 28. Rxc4 Bxc4 29.
Rb1 Rd5 30. Rb4 Bf1 31. c4 Ra5 32. Kf2 Bh3 33. Kg3 Bf1 34. h4 Be2 35. Kf4 Bd1 36.
Kg5 Bxc2 37. Kh6 Ra6 38. c5 bxc5 39. Bxc5 Bxa4 40. Kxh7 Kxe5 41. Bxe7 Bd1 42. Kg7 Re6 43. Bg5 a5 44. Rb5+ Ke4 45. Rxa5 Bxg4 46. Ra4+ Kf3 47.
Bf6 Bh5 48. Bg5 1/2-1/2

[Event "*** Titled Tuesday Blitz"]
[Site "Chess.com"]
[Date "2019.01.01"]
[Round "8"]
[White "Martins-BR"]
[Black "Blagorod"]
[Result "1-0"]
[WhiteElo "2217"]
[BlackElo "2095"]
[TimeControl "180+2"]
[EndTime "14:54:32 PST"]
[Termination "Martins-BR won on time"]

1. e4 e5 2. Nf3 Nf6 3. Nc3 Bb4 4. Bc4 O-O 5. d3 d6 6. Bg5 h6 7. Bh4 Be6 8. Bb3 Nbd7 9. h3 c6 10. O-O Qc7 11. Ne2 d5 12. exd5 cxd5 13. c3 Bd6 14. Bg3 Rad8 15. Qc2 Nc5 16. Bh4 Nxb3 17. axb3 e4 18.
dxe4 dxe4 19. Nfd4 Bd5 20. Bxf6 gxf6 21. Rxa7 Kh7 22.
Rd1 Rg8 23. b4 Rg6 24. Ra5 Bc6 25. Kf1 e3 26. f3 b6 27. Ra7 Qc8 28. Rxf7+ 1-0

[Event "*** Titled Tuesday Blitz"]
[Site "Chess.com"]
[Date "2019.01.01"]
[Round "8"]
[White "1e41-0"]
[Black "Vamostodorecto"]
[Result "1-0"]
[WhiteElo "2571"]
[BlackElo "2409"]
[TimeControl "180+2"]
[EndTime "14:54:33 PST"]
[Termination "1e41-0 won by checkmate"]

1. d4 d5 2. c4 dxc4 3. Nf3 Nf6 4. e3 b5 5. a4 b4 6. Bxc4 e6 7. O-O Be7 8. Qe2 Bb7 9. Rd1 O-O 10. Nbd2 c5 11.
dxc5 Nbd7 12. Nb3 Qc7 13. Bd2 a5 14. Rac1 Nxc5 15. Nxc5 Bxc5 16. Bd3 Qb6 17. Rc4 Bd5 18. Rh4 Rad8 19. e4 Bb3 20. Rf1 Bxa4 21. e5 Rxd3 22. Qxd3 Bb5 23. Qb1 Bxf1 24. Be1 g6 25. exf6 Bb5 26.
Qc1 Rd8 27. Qh6 Bxf2+ 28. Kh1 Bxh4 29. Qg7# 1-0

[Event "*** Titled Tuesday Blitz"]
[Site "Chess.com"]
[Date "2019.01.01"]
[Round "8"]
[White "Arman_Hakemi"]
[Black "JoakimVonAnd"]
[Result "1-0"]
[WhiteElo "2476"]
[BlackElo "2349"]
[TimeControl "180+2"]
[EndTime "14:54:41 PST"]
[Termination "Arman_Hakemi won by resignation"]

1. e4 c6 2. d4 d5 3. e5 Bf5 4. h4 h5 5. Bd3 Bxd3 6. Qxd3 Qa5+ 7.
Nd2 Qa6 8. e6 Qxd3 9. exf7+ Kxf7 10. cxd3 Nd7 11. Ngf3 Ngf6 12. O-O e6 13. Ng5+ Kg6 14.
Nxe6 Bd6 15. Nf3 Rae8 16. Nf4+ Bxf4 17. Bxf4 Re2 18. b4 Ng4 19. a4 a6 20. b5 Rf8 21.
Bg3 cxb5 22. axb5 Ra8 23. Rfc1 a5 24. Rc7 Ndf6 25. Rxb7 a4 26. Rb6 Rb2 27. Ne5+ Kh6 28. Nxg4+ hxg4 29. Ra6 Re8 30. b6 Re6 31. R1xa4 Rexb6 32. Rxb6 Rxb6 33. Be5 Kh5 34. Ra5 Rb1+ 35. Kh2 Kxh4 36.
Bxf6+ gxf6 37. g3+ Kg5 38. Rxd5+ f5 39. Kg2 Rd1 40.
Rd6 Rxd3 41. Kf1 Rd2 42. d5 Ra2 43. Rd8 Ra1+ 44. Ke2 Ra2+ 45. Ke3 Ra3+ 46. Kd4 Ra2 47. d6 Rxf2 48. d7 Rd2+ 49. Ke5 Re2+ 50. Kd6 Rd2+ 51.
Ke7 f4 52. Rg8+ Kh5 53. gxf4 Kh4 54. f5 g3 55. f6 Kh3 56. f7 g2 1-0

[Event "*** Titled Tuesday Blitz"]
[Site "Chess.com"]
[Date "2019.01.01"]
[Round "8"]
[White "xxysoul6"]
[Black "tigra"]
[Result "1-0"]
[WhiteElo "2906"]
[BlackElo "2770"]
[TimeControl "180+2"]
[EndTime "14:54:43 PST"]
[Termination "xxysoul6 won by resignation"]

1. d4 Nf6 2. c4 e6 3. g3 g6 4.
Bg2 Bg7 5. Nc3 c5 6. dxc5 Qa5 7.
Be3 Ng4 8. Bd2 O-O 9. Ne4 Qa6 10. Qc2 d5 11. cxd6 f5 12. Nc3 Qxd6 13. Nf3 e5 14. O-O-O e4 15. Be3 Nxe3 16. fxe3 Qc5 17. Nd4 Qxc4 18.
Kb1 Na6 19. Rd2 Bd7 20. Rc1 Rac8 21. Qd1 Bh6 22. Nb3 Be6 23. Nd5 Bxd5 24. Rxd5 Qa4 25.
Rxc8 Rxc8 26. g4 Bxe3 27. gxf5 Nb4 28. Ra5 Qc6 29. a3 Nc2 30. fxg6 hxg6 31. Re5 Qc4 32. Bxe4 Kh8 33. Bxc2 Bf4 34. Re4 Qc7 35. Qd4+ 1-0

[Event "*** Titled Tuesday Blitz"]
[Site "Chess.com"]
[Date "2019.01.01"]
[Round "8"]
[White "LucaBrasi1968"]
[Black "Gr3egor"]
[Result "1-0"]
[WhiteElo "2395"]
[BlackElo "2446"]
[TimeControl "180+2"]
[EndTime "14:54:44 PST"]
[Termination "LucaBrasi1968 won by resignation"]

1. d4 g6 2. e4 Bg7 3. Nc3 a6 4.
a4 d6 5. Be3 b6 6. f3 Bb7 7.
Qd2 Nd7 8. Bc4 e6 9. Bb3 h5 10.
Nge2 Ne7 11. O-O O-O 12. f4 c5 13. f5 exf5 14. exf5 Nxf5 15. Rxf5 gxf5 16. Rf1 cxd4 17. Nxd4 Nc5 18. Nxf5 Nxb3 19. cxb3 Be5 20. Nd5 Bxd5 21. Qxd5 Ra7 22. a5 Qa8 23. Qc4 Qc8 24. Qh4 Qe6 25. axb6 Rb7 26. Qg5+ Qg6 27. Ne7+ Rxe7 28. Qxe7 Qe4 29.
Qg5+ Bg7 30. Rd1 Re8 31. Bd4 f6 32. Bxf6 Qe3+ 33. Qxe3 Rxe3 34. Bxg7 Kxg7 35. b4 Rb3 36.
Rd4 Rxb2 37. b7 Rxb4 38. Rxb4 1-0

[Event "*** Titled Tuesday Blitz"]
[Site "Chess.com"]
[Date "2019.01.01"]
[Round "8"]
[White "BartoszSocko"]
[Black "Berardino"]
[Result "1-0"]
[WhiteElo "2676"]
[BlackElo "2414"]
[TimeControl "180+2"]
[EndTime "14:54:48 PST"]
[Termination "BartoszSocko won by resignation"]

1. d4 Nf6 2. c4 g6 3. Nf3 Bg7 4.
g3 c5 5. Bg2 cxd4 6. Nxd4 d5 7.
O-O O-O 8. Na3 Nc6 9. Nb3 dxc4 10. Nxc4 Qc7 11. Bf4 e5 12. Be3 Be6 13. Rc1 Rfd8 14.
Qe1 Nd5 15. Bd2 Rac8 16. Nc5 Qe7 17. Nxe6 Qxe6 18. e4 Nb6 19. b3 Nd4 20. Ne3 Rxc1 21. Bxc1 Rc8 22. Bb2 h5 23. Qa5 a6 24. h4 Bh6 25. Nd5 Nxd5 26. exd5 Qd6 27. Ba3 Qd7 28. Qb6 Rc2 29. d6 Rxa2 30. Bc5 Nc6 31. Qc7 Qe6 32.
d7 1-0

[Event "*** Titled Tuesday Blitz"]
[Site "Chess.com"]
[Date "2019.01.01"]
[Round "8"]
[White "Karina_Oparina"]
[Black "Fivetrick"]
[Result "0-1"]
[WhiteElo "2057"]
[BlackElo "2615"]
[TimeControl "180+2"]
[EndTime "14:54:49 PST"]
[Termination "Fivetrick won by resignation"]

1. Nf3 Nf6 2. g3 g6 3. Bg2 Bg7 4. O-O O-O 5. c4 Nc6 6. d4 d6 7. Nc3 a6 8. Qd3 Rb8 9. e4 Bg4 10. Be3 Nd7 11. Rfe1 Bxf3 12. Bxf3 e5 13. d5 Nd4 14.
Bg2 f5 15. f4 c5 16. Rad1 Kh8 17.
exf5 gxf5 18. b3 Qa5 19. Rd2 e4 20. Bxd4 Bxd4+ 21. Qe3 Bxe3+ 22. Rxe3 Nf6 23. Bh3 Nh5 24. Kf2 b5 25. Bf1 Nf6 26. Be2 bxc4 27. bxc4 Rb4 28. h3 Rfb8 29. g4 fxg4 30. hxg4 Rb2 31. Rxb2 Rxb2 32. Kg3 Rxe2 33. Nxe2 Qd2 34. Kf2 Nxg4+ 0-1

[Event "*** Titled Tuesday Blitz"]
[Site "Chess.com"]
[Date "2019.01.01"]
[Round "8"]
[White "Gubajdullin"]
[Black "andresgv36"]
[Result "0-1"]
[WhiteElo "2388"]
[BlackElo "2364"]
[TimeControl "180+2"]
[EndTime "14:54:56 PST"]
[Termination "andresgv36 won by checkmate"]

1. d4 Nf6 2. Bf4 g6 3. e3 Bg7 4.
Nf3 d6 5. Be2 O-O 6. O-O Nh5 7.
Bg5 h6 8. Bh4 g5 9. Nfd2 gxh4 10. Bxh5 c5 11. c3 cxd4 12. exd4 Nc6 13. d5 Ne5 14. Nf3 h3 15. g3 Qb6 16. Nxe5 dxe5 17.
Qb3 e6 18. Qxb6 axb6 19. Bf3 f5 20. Rd1 e4 21. Be2 Rd8 22. dxe6 Bxe6 23. Na3 Rxd1+ 24.
Bxd1 Bxc3 25. Nc4 Bxc4 26. bxc3 Rxa2 27. Rxa2 Bxa2 28. Kf1 Bc4+ 29. Ke1 Kf7 30. Kd2 Ke6 31. Ke3 Ke5 32. Bh5 Be6 33. Be8 Kd5 34. Bb5 Kc5 35.
Be2 b5 36. Kf4 b4 37. cxb4+ Kxb4 38. Ke5 Bc8 39. Bf1 Kc3 40. Kf6 Kd2 41. Bxh3 b5 42.
Bf1 b4 43. Bc4 Ke1 44. Kg6 Kxf2 45. Kxh6 e3 46. h3 e2 47. Bxe2 Kxe2 48. h4 b3 49. h5 b2 50. Kg7 b1=Q 51. h6 f4 52. gxf4 Bf5 53. Kf6 Kf3 54. Kg5 Qe4 55. Kh5 Qxf4 56.
h7 Qg4+ 57. Kh6 Qg6# 0-1

[Event "*** Titled Tuesday Blitz"]
[Site "Chess.com"]
[Date "2019.01.01"]
[Round "8"]
[White "itisabigworld"]
[Black "jacky72"]
[Result "0-1"]
[WhiteElo "2380"]
[BlackElo "2599"]
[TimeControl "180+2"]
[EndTime "14:55:07 PST"]
[Termination "jacky72 won by resignation"]

1. b3 a5 2. a3 Nf6 3. Bb2 e6 4. e3 Be7 5. f4 O-O 6. Nf3 b6 7. g3 Bb7 8. Bg2 d6 9. O-O Nbd7 10. d3 c5 11. a4 Qc7 12. Nbd2 Rfe8 13. Qe2 e5 14. e4 Bf8 15. f5 d5 16. h3 dxe4 17. dxe4 Rad8 18. g4 Nb8 19. Nh4 Nc6 20.
g5 Nd7 21. f6 g6 22. Nhf3 Nd4 23. Qd1 Ba6 24. Rf2 c4 25. bxc4 Nc5 26. Bxd4 exd4 27. e5 Nd7 28. Qf1 Nxe5 29. Nxe5 Rxe5 30. h4 d3 31. Nf3 Rf5 32. cxd3 Bc5 33. d4 Rxf3 34.
dxc5 Rg3 35. cxb6 Qxb6 36. Rd1 Rc8 37. Kh2 Bxc4 38. Qe1 Re3 39. Qd2 Rd3 40. Qxd3 Bxd3 41. Rfd2 Qc7+ 42. Kh1 Bf5 43. Re1 h5 44. Rde2 Qg3 45.
Re8+ Rxe8 46. Rxe8+ Kh7 47. Re7 Qxh4+ 48. Kg1 Qd4+ 49. Kh1 Qh4+ 50. Kg1 Qxg5 51. Rxf7+ Kh6 52. Rf8 Qe3+ 53. Kh1 Qe1+ 54. Kh2 Qh4+ 55. Kg1 Qd4+ 56. Kh1 Qd1+ 57. Kh2 Qd6+ 0-1

[Event "*** Titled Tuesday Blitz"]
[Site "Chess.com"]
[Date "2019.01.01"]
[Round "8"]
[White "Grandelicious"]
[Black "penguingm1"]
[Result "1-0"]
[WhiteElo "2718"]
[BlackElo "2793"]
[TimeControl "180+2"]
[EndTime "14:55:10 PST"]
[Termination "Grandelicious won by resignation"]

1. e4 e5 2. Nf3 Nc6 3. Nc3 Nf6 4.
Bb5 Bb4 5. O-O O-O 6. d4 exd4 7. Nd5 Be7 8. Re1 d6 9. Nxe7+ Qxe7 10. Nxd4 Nxd4 11. Qxd4 h6 12. Bd2 a6 13. Bf1 Re8 14. Bc3 b5 15. e5 dxe5 16. Rxe5 Be6 17. Rae1 Rad8 18. Qh4 c5 19. a3 Qd6 20. h3 Nd5 21. Ba5 Rb8 22. c4 Ne7 23. Bc3 b4 24. axb4 cxb4 25. c5 Qc7 26. Bd4 Nc6 27. R5e3 Rbd8 28. Bxg7 Kxg7 29. Rg3+ Kf8 30. Qxh6+ Ke7 31. Bxa6 Rh8 32.
Rxe6+ Kd7 33. Rd6+ 1-0

[Event "*** Titled Tuesday Blitz"]
[Site "Chess.com"]
[Date "2019.01.01"]
[Round "8"]
[White "Shahinyan_ChessMood"]
[Black "gonzaga23"]
[Result "0-1"]
[WhiteElo "2680"]
[BlackElo "2464"]
[TimeControl "180+2"]
[EndTime "14:55:15 PST"]
[Termination "gonzaga23 won by resignation"]

1. c4 Nf6 2. Nc3 b6 3. d3 Bb7 4. e4 e5 5. g3 Bc5 6. Bg2 O-O 7. Nge2 c6 8. O-O Na6 9. a3 Nc7 10. b4 Bd4 11. Nxd4 exd4 12. Ne2 c5 13. h3 d6 14. f4 a5 15. b5 Nfe8 16. g4 Qh4 17. f5 g6 18. Bf4 g5 19. Bg3 Qh6 20. f6 Rd8 21. Qd2 Ne6 22. Rf5 Nxf6 23. Raf1 Ne8 24.
h4 f6 25. hxg5 fxg5 26. Bh2 N8g7 27. Rxf8+ Rxf8 28. Bxd6 Rxf1+ 29. Kxf1 Ne8 30. Bg3 Nf6 31. Kg1 Nxg4 32. Qe1 Nf4 33. Nxf4 gxf4 34. Qe2 Bc8 35. Bf3 fxg3 36. Bxg4 Qh2+ 0-1